 Dungeon Crawl Stone Soup version 0.27.1-35-g4d5d836560 (console) character file.

Game seed: 8540292597340104136

301 Faeu the Firebug (level 6, 0/50 HPs)
             Began as a Draconian Fire Elementalist on May 17, 2022.
             Succumbed to a water moccasin's poison
             ... on level 4 of the Dungeon.
             The game lasted 00:17:17 (4189 turns).

Faeu the Firebug (Draconian Fire Elementalist)      Turns: 4189, Time: 00:17:18

Health: 0/50       AC:  7    Str: 10    XL:     6   Next: 14%
Magic:  6/9        EV: 12    Int: 17    God:
Gold:   215        SH:  0    Dex: 12    Spells: 8/9 levels left

rFire    . . .     SeeInvis .   b - +6 short sword {short}
rCold    . . .     Faith    .   (no shield)
rNeg     . . .     Spirit   .   (armour unavailable)
rPois    .         Reflect  .   (helmet restricted)
rElec    .         Harm     .   (no cloak)
rCorr    .         Rampage  .   i - +0 pair of gloves
Will     .....                  (no boots)
Stlth    ++........             (no amulet)
HPRegen  0.16/turn              (no ring)
MPRegen  0.11/turn              (no ring)

@: lethally poisoned (0 -> -7)
A: AC +6, unfitting armour, cold-blooded
a: no special abilities


You were on level 4 of the Dungeon.
You visited 1 branch of the dungeon, and saw 4 of its levels.

You collected 215 gold pieces.


Innate Abilities, Weirdness & Mutations

Your plain brown scales are hard. (AC +6)
You cannot fit into any form of body armour.
You are cold-blooded and may be slowed by cold attacks.


   Skills:
 + Level 2.6 Fighting
 + Level 2.0 Short Blades
 - Level 1.7 Dodging
 + Level 3.2 Stealth
 - Level 2.0 Spellcasting
 - Level 1.0 Conjurations
 + Level 5.2 Fire Magic


You had 8 spell levels left.
You knew the following spells:

 Your Spells              Type           Power      Damage    Failure   Level
a - Foxfire               Conj/Fire      48%        2x1d6     5%          1

Your spell library contained the following spells:

 Spells                   Type           Power      Damage    Failure   Level
 Conjure Flame            Conj/Fire      12%        6-21      16%         3
 Pain                     Necr           4%         1d4       19%         1
 Inner Flame              Hex/Fire       10%        N/A       21%         3
 Slow                     Hex            1%         N/A       28%         2
 Stone Arrow              Conj/Erth      6%         3d7       43%         3
 Sticky Flame             Conj/Fire      12%        2d4       47%         4
 Confusing Touch          Hex            1%         N/A       50%         3
 Fireball                 Conj/Fire      6%         3d5       83%         5
 Bolt of Magma            Conj/Fire/Erth 4%         4d5       93%         5
 Agony                    Necr           1%         N/A       99%         5
 Excruciating Wounds      Necr           0%         N/A       99%         5
 Yara's Violent Unravell  Hex/Tmut       0%         3d3       99%         5
 Shatter                  Erth           0%         3d5*      100%        9

Inventory:

Hand Weapons
 b - a +6 short sword (weapon) {short}
   (You took it off a kobold on level 3 of the Dungeon)
 d - a +0 flail of protection {mace}
   (You found it on level 3 of the Dungeon)
 l - a +2 dagger of speed {short}
   (You took it off a kobold on level 2 of the Dungeon)
 s - a +2 dagger of protection {short}
   (You took it off a goblin on level 2 of the Dungeon)
Missiles
 c - 37 arrows
 g - 78 stones {throwing}
 p - 38 bolts
 x - 4 boomerangs {throwing}
Armour
 i - a +0 pair of gloves (worn)
   (You found it on level 1 of the Dungeon)
Scrolls
 a - 5 scrolls of identify {unknown}
 e - a scroll of magic mapping {unknown}
 h - a scroll of immolation {unknown}
 n - 2 scrolls of enchant armour {unknown}
 o - a scroll of teleportation {unknown}
 r - a scroll of amnesia {unknown}
 u - a scroll of fear {unknown}
 v - a scroll of brand weapon {unknown}
 w - a scroll of noise {unknown}
 y - a scroll of fog {unknown}
 z - a scroll of torment {unknown}
Potions
 f - a potion of resistance {unknown}
 j - 2 potions of mutation {unknown}
 k - a potion of heal wounds {unknown}
 m - 2 potions of curing {unknown}
 q - a potion of flight {unknown}
 t - a potion of haste {unknown}

Dungeon Overview and Level Annotations

Branches:
Dungeon (4/15)
 Temple: D:4-7

Altars:
Hepliaklqana

#..#............
#>.#.'########+.
#....#........#.
####.#.'####+.#.
#.#.#....#.#. #.#.#.##.#.#.
#### #.#.#.##.#.#. ..#
#.#.#....#.#. #.#
##[#.+####'.#.
####.######..#........#.
#......@.....+########'.
.....##.###.###..[.........
... #.# #.# ########...## .
..###.####### #.....
####.........# #...##
#.#..#.##.# #...#
#.#....##.# #...# ##
#.##.#.##.# #...# ##..
#.##......####...##
.....###..................
........###...........<...


There were no monsters in sight!


Message History

You hit the spectral hobgoblin but do no damage.
The hobgoblin shouts!
The spectral hobgoblin hits you but does no damage.
You barely miss the spectral hobgoblin.
The spectral hobgoblin hits you but does no damage.
You hit the spectral hobgoblin.
You destroy the spectral hobgoblin!
You hit the hobgoblin.
The hobgoblin hits you but does no damage.
You hit the hobgoblin.
You kill the hobgoblin!
There is an open door, spattered with blood here. 😎 MP[+1]
Your mp is fully restored (8).
There is a hazy altar of Hepliaklqana here.
No target in view!
There is an open door, spattered with blood here.
You now have 215 gold pieces (gained 13).
You conjure some foxfire! 😎 MP[-1]
You lost 1 mp, and now have 7/8 mp.
The foxfire hits the water moccasin but does no damage.
You conjure some foxfire!
The foxfire hits the water moccasin. 😎 MP[-1]
You lost 1 mp, and now have 6/8 mp.
The foxfire hits the water moccasin.
The foxfire hits the water moccasin but does no damage.
You conjure some foxfire!
The water moccasin closely misses you. 😎 MP[-1]
You lost 1 mp, and now have 5/8 mp.
The foxfire hits the water moccasin.
The water moccasin closely misses you.
You conjure some foxfire!
The water moccasin barely misses you. The water moccasin bites you. 😕 HP[-4]
You take 4 damage, and now have 37/41 hp.
The foxfire hits the water moccasin but does no damage.
You hit the water moccasin.
The water moccasin bites you but does no damage.
The water moccasin bites you.
You are poisoned.
The water moccasin poisons you! 😕 HP[-1]
You take 1 damage, and now have 36/41 hp.
You closely miss the water moccasin.
You feel very sick. The water moccasin bites you. 😮 HP[-7]
You take 7 damage, and now have 29/41 hp.
You puncture the water moccasin!
You feel very sick. The water moccasin bites you.
The water moccasin completely misses you. 😮 HP[-3]
You take 3 damage, and now have 26/41 hp.
You barely miss the water moccasin.
You feel sick. The water moccasin bites you. 😮 HP[-5]
You take 5 damage, and now have 21/41 hp.
You barely miss the water moccasin.
You feel sick.
The water moccasin bites you but does no damage. 😨 HP[-2]
You take 2 damage, and now have 19/41 hp.
You puncture the water moccasin!
You feel sick. The water moccasin bites you.
* * * LOW HITPOINT WARNING * * *
The water moccasin bites you but does no damage. 😨 HP[-6]
You take 6 damage, and now have 13/41 hp.
You feel sick. 😨 HP[-1]
You take 1 damage, and now have 12/41 hp.
You feel sick. The water moccasin bites you.
* * * LOW HITPOINT WARNING * * *
You are lethally poisoned!
The water moccasin poisons you! 😱 HP[-4] MP[+1]
You take 4 damage, and now have 8/41 hp.
You are too injured to fight recklessly!
You hit the water moccasin.
You kill the water moccasin!
* * * LOW HITPOINT WARNING * * *
You feel very sick.
Your Short Blades skill increases to level 2!
Your Stealth skill increases to level 3!
You have reached level 6!
Your experience leads to an increase in your attributes!
Increase (S)trength, (I)ntelligence, or (D)exterity?
You feel agile.
Your scales feel tougher. 😱 HP[-1]
You now have 50 max hp (+9).
There is a lethal amount of poison in your body!
* * * LOW HITPOINT WARNING * * *
You feel very sick. 😱 HP[-3]
You take 3 damage, and now have 4/50 hp.
* * * LOW HITPOINT WARNING * * *
You feel sick. 😱 HP[-2]
You take 2 damage, and now have 2/50 hp.
You die...

Skill      XL: |  1  2  3  4  5 |
---------------+----------------+-----
Fire Magic     | 4 5 |  5.2
Stealth        | 2 3 |  3.2
Fighting       | 1 2 |  2.6
Short Blades   | 1 2 |  2.0
Dodging        | |  1.7
Spellcasting   | |  2.0
Conjurations   | |  1.0

Action                   |  1- 3 |  4- 6 || total
-------------------------+-------+-------++-------
Melee: Unarmed           |     5 |       ||     5
       Whip              |    21 |       ||    21
       Tailslap          |     4 |     2 ||     6
       Dagger            |    26 |    13 ||    39
       Short sword       |       |    33 ||    33
 Cast: Foxfire           |    52 |    45 ||    97
 Stab: Sleeping          |     4 |     2 ||     6
Armor: Skin              |    20 |    13 ||    33
Dodge: Dodged            |    39 |    16 ||    55

Levels and vault maps discovered:
D:1:      minmay_arrival_stone_box, layout_basic
D:2:      minmay_angry_zag, layout_basic, hangedman_decor_growths
D:3:      minmay_door_path, layout_basic,
          dreamdust_ecumenical_altar_angels_and_demons
D:4:      layout_loops_cross, nicolae_hepliaklqana_monster_ancestors,
          serial_bayou_pond_e, serial_bayou_ford_a, st_stairs_5, minivault_11

Notes
Turn   | Place    | Note
-------+----------+-------------------------------------------
     0 | D:1      | Faeu the Draconian Fire Elementalist began the quest for
                  | the Orb.
     0 | D:1      | Reached XP level 1. HP: 14/14 MP: 3/3
     0 | D:1      | magus.rc [v1.9.6]
   354 | D:1      | Reached XP level 2. HP: 20/20 MP: 0/5
   570 | D:1      | You pick up a book of Misfortune and begin reading...
   570 | D:1      | You add the spells Slow, Confusing Touch and Yara's Violent
                  | Unravelling to your library.
  1156 | D:1      | Reached skill level 4 in Fire Magic
  1428 | D:2      | Reached XP level 3. HP: 26/26 MP: 1/6
  1824 | D:2      | Reached skill level 2 in Stealth
  2184 | D:2      | Reached skill level 1 in Fighting
  2184 | D:2      | Reached XP level 4. HP: 35/35 MP: 3/7
  2901 | D:3      | Reached skill level 1 in Short Blades
  2901 | D:3      | Reached XP level 5. HP: 41/41 MP: 1/8
  2985 | D:3      | Found a faded altar of an unknown god.
  3095 | D:3      | You pick up a book of Pain and begin reading...
  3095 | D:3      | You add the spells Pain, Agony and Excruciating Wounds to
                  | your library.
  3199 | D:3      | You pick up a book of the Earth and begin reading...
  3199 | D:3      | You add the spells Stone Arrow, Bolt of Magma and Shatter
                  | to your library.
  3561 | D:3      | Reached skill level 2 in Fighting
  3811 | D:4      | Reached skill level 5 in Fire Magic
  3988 | D:4      | Noticed a water moccasin
  4111 | D:4      | Found a hazy altar of Hepliaklqana.
  4185 | D:4      | HP: 8/41 [water moccasin (3)]
  4186 | D:4      | Killed a water moccasin
  4187 | D:4      | Reached skill level 2 in Short Blades
  4187 | D:4      | Reached skill level 3 in Stealth
  4187 | D:4      | Reached XP level 6. HP: 7/50 MP: 6/9
  4188 | D:4      | HP: 2/50 [poisoned by a water moccasin]
  4189 | D:4      | Succumbed to a water moccasin's poison

Vanquished Creatures
  A water moccasin (D:4)
  A water moccasin zombie (D:3)
  A hound skeleton (D:4)
  5 adders
  An adder skeleton (D:3)
  2 worms
  2 orcs (D:4)
  6 bats
  7 endoplasms
  8 goblins
  8 hobgoblins
  2 quokkas
  8 ball pythons
  3 frilled lizards
  9 kobolds
  6 rats
  A spectral hobgoblin (D:4)
71 creatures vanquished.

Vanquished Creatures (others)
  151 foxfires
151 creatures vanquished.

Grand Total: 222 creatures vanquished

Table legend:
 A = Non-vault XP
 B = Vault XP
 C = Vault XP percentage of total XP
 D = Non-vault monster count
 E = Vault monster count
 F = Vault count percentage of total count
                 A         B        C        D         E       F
            +---------+---------+-------+---------+---------+-------
      Total |     412 |      18 |   4.2 |      62 |       9 |  12.7
            +---------+---------+-------+---------+---------+-------
        D:1 |      33 |       0 |   0.0 |      21 |       0 |   0.0
        D:2 |      67 |       9 |  11.8 |      18 |       5 |  21.7
        D:3 |     129 |       6 |   4.4 |      16 |       2 |  11.1
        D:4 |     183 |       3 |   1.6 |       7 |       2 |  22.2
            +---------+---------+-------+---------+---------+-------

Illustrated notes

Table legend:
 A = Kills in this place as a percentage of kills in entire the game.
 B = Kills by you in this place as a percentage of kills by you in the entire game.
 C = Kills by friends in this place as a percentage of kills by friends in the entire game.
 D = Other kills in this place as a percentage of other kills in the entire game.
 E = Experience gained in this place as a percentage of experience gained in the entire game.
 F = Experience gained in this place divided by the number of levels of this place that you have seen.
                   A       B       C       D       E      F
               +-------+-------+-------+-------+-------+----------------------
         Total | 100.0 | 100.0 |   N/A |   N/A | 100.0 | 107.5
       Dungeon | 100.0 | 100.0 |   N/A |   N/A | 100.0 | 107.5
               +-------+-------+-------+-------+-------+----------------------

Table legend: (Time is in decaauts)
 A = Elapsed time spent in this place.
 B = Non-inter-level travel time spent in this place.
 C = Inter-level travel time spent in this place.
 D = Time resting spent in this place.
 E = Time spent auto-exploring this place.
 F = Levels seen in this place.
 G = Mean time per level.
                   A        B        C        D        E       F      G
               +--------+--------+--------+--------+--------+-----+--------+
         Total |   4183 |   4068 |    115 |    524 |   2075 |   4 | 1045.8 |
       Dungeon |   4183 |   4068 |    115 |    524 |   2075 |   4 | 1045.8 |
               +--------+--------+--------+--------+--------+-----+--------+

Top non-repeatable levels by time:
     D:1: 1415 daAuts
     D:2: 1177 daAuts
     D:3: 1150 daAuts
     D:4: 440 daAuts
